AoeStats
← BIG BUDDHA9396

Pilgrims

507860715Analyzed
2v2 RM · 13d ago on Sep 20, 2026· 30m 31s· 4 players
Game mode
Random Map
Map size
Medium (4 player)
Population
200
Speed
Normal
Resources
Standard
Victory
Conquest
Starting age
Dark Age
Ending age
Imperial Age
RankedLock teamsTeams togetherTeam positionsShared explorationLock speedFull tech treeHidden civsTurbo modeCheats
Victory
Defeat
🇺🇸 Byzantines · United States
630
+17
🇺🇸 Sicilians · United States
628
+17
🇬🇧 Mapuche · United Kingdom
655
-17
🇺🇸 Persians · United States
650
-17
A BABY GERBIL
4:18 Loom
11:47 Feudal Age
12:23 Horse Collar
12:36 Double-Bit Axe
12:35 Fishing Lines
15:29 Fletching
15:50 Forging
15:40 Scale Mail Armor
17:56 Wheelbarrow
17:07 Town Watch
23:05 Castle Age
26:13 Heavy Plow
26:11 Bodkin Arrow
26:51 Iron Casting
26:32 Chain Mail Armor
32:59 Imperial Age
Elthes
14:56 Feudal Age
15:34 Double-Bit Axe
15:34 Horse Collar
16:40 Wheelbarrow
17:16 Fishing Lines
18:48 Gold Mining
21:28 Scale Barding Armor
21:33 Forging
25:20 Castle Age
24:30 Arson
25:32 Pikeman
26:53 Bow Saw
29:09 Chain Barding Armor
29:47 Husbandry
BIG BUDDHA9396
10:02 Loom
11:48 Feudal Age
13:04 Loom
13:56 Wheelbarrow
13:38 Double-Bit Axe
14:17 Horse Collar
16:49 Town Watch
20:46 Forging
20:38 Scale Mail Armor
20:29 Fletching
20:40 Padded Archer Armor
20:36 Gold Mining
20:37 Stone Mining
20:46 Stone Mining
20:33 Champi Runner
20:59 Arson
26:08 Castle Age
28:10 Bodkin Arrow
28:51 Iron Casting
29:36 Champi Warrior
29:38 Pikeman
Babymunch x
8:06 Feudal Age
10:40 Loom
16:55 Fishing Lines
26:43 Fletching
Connection lost

Rejoining the realm…

Still unreachable

The connection could not be restored.

Session expired

The server has moved on; the page needs a fresh start.